 Dungeon Crawl Stone Soup version 0.21.1-1-g345015fe64 (webtiles) character file.

217 Lisa the Sneak (level 5, -2/45 HPs)
             Began as a Draconian Assassin on July 8, 2018.
             Killed from afar by an orc wizard (4 damage)
             ... with a magic dart
             ... on level 3 of the Dungeon.
             The game lasted 00:10:34 (2569 turns).

Lisa the Sneak (Draconian Assassin)                 Turns: 2569, Time: 00:10:35

Health: -2/45      AC:  5    Str: 14    XL:     5   Next: 61%
Magic:  5/5        EV: 13    Int: 11    God:
Gold:   156        SH:  0    Dex: 13    Spells: 4/4 levels left

rFire    . . .     SeeInvis .   a - +2 dagger
rCold    . . .     Gourm    .   (no shield)
rNeg     . . .     Faith    .   (armour unavailable)
rPois    .         Spirit   .   (helmet restricted)
rElec    .         Reflect  .   p - scarf {cloud immunity}
rCorr    .         Harm     .   (no gloves)
MR       .....     Rnd*Tele +   (no boots)
Stlth    +++.......             g - amulet of rage
HPRegen  0.15/turn              i - ring of teleportation
MPRegen  0.09/turn              (no ring)

@: no status effects
A: unfitting armour, cold-blooded, AC +5
a: Evoke Berserk Rage


You were on level 3 of the Dungeon.
You were not hungry.

You visited 1 branch of the dungeon, and saw 3 of its levels.

You collected 156 gold pieces.

Inventory:

Hand Weapons
 a - a +2 dagger (weapon)
 b - a +0 blowgun
Missiles
 d - 26 poisoned needles
 e - 9 curare-tipped needles
Armour
 c - a +0 cloak
 p - a scarf of cloud immunity (worn)
Jewellery
 g - an amulet of rage (around neck)
 i - a ring of teleportation (left hand)
Scrolls
 h - 5 scrolls of identify
 m - a scroll of fog
 o - 4 scrolls of remove curse
 r - 2 scrolls of amnesia
 s - 2 scrolls of fear
Potions
 k - 3 potions of haste {unknown}
 l - a potion of flight
 n - a potion of heal wounds
 q - 3 potions of curing
Books
 j - a book of Cantrips

   Spells                             Type                      Level
   a - Confusing Touch                Hexes                        1
   b - Animate Skeleton               Necromancy                   1
   c - Summon Small Mammal            Summoning                    1
   d - Apportation                    Translocation                1
Comestibles
 f - 5 rations


   Skills:
 + Level 3.0 Fighting
 + Level 3.3 Short Blades
 + Level 1.9 Throwing
 + Level 2.8 Dodging
 + Level 4.8 Stealth


You had 4 spell levels left.
You didn't know any spells.

Dungeon Overview and Level Annotations

Branches:
Dungeon (3/15)

Altars:
Wu Jian


Innate Abilities, Weirdness & Mutations

Your plain brown scales are hard. (AC +5)
You cannot fit into any form of body armour.
You are cold-blooded and may be slowed by cold attacks.


Message History

The orc wizard is heavily wounded.
The orc wizard barely misses you.
You hit the orc wizard but do no damage.
The orc wizard is heavily wounded.
The orc wizard closely misses you.
You barely miss the orc wizard.
The orc wizard is heavily wounded.
The orc wizard casts a spell at you. The puff of frost hits you!
* * * LOW HITPOINT WARNING * * *
You closely miss the orc wizard.
The orc wizard is heavily wounded.
The orc wizard hits you with a dagger.
* * * LOW HITPOINT WARNING * * *
You hit the orc wizard.
The orc wizard is heavily wounded.
The orc wizard hits you but does no damage.
The orc wizard casts a spell at you. The magic dart hits you!
You die...

.# ..# #.# #.#####
###########.#.#...#
#...@o......#.#.#.#
#####.###########.#.#.#
#.................#.#.###
#.###.###########.#......
#.# #.# #...#.#.### #.#
#.#########.#.#.#.#.. #.#
#........)..#.#...#.# #.#
###########.#.#...... #.#
########.#.#..<...


You could see an orc wizard.

Vanquished Creatures
  2 howler monkeys
  An orc priest (D:3)
  4 adders
  3 oozes
  A worm (D:2)
  A dart slug (D:1)
  3 leopard geckos
  3 orcs (D:3)
  A ball python (D:2)
  4 bats
  3 giant cockroaches
  8 hobgoblins
  A quokka (D:2)
  3 frilled lizards
  2 goblins (D:1)
  7 kobolds
  8 rats
55 creatures vanquished.

Notes
Turn   | Place    | Note
-------+----------+-------------------------------------------
     0 | D:1      | Lisa the Draconian Assassin began the quest for the Orb.
     0 | D:1      | Reached XP level 1. HP: 17/17 MP: 1/1
   217 | D:1      | Reached skill level 4 in Stealth
   217 | D:1      | Reached XP level 2. HP: 17/24 MP: 2/2
   228 | D:1      | Reached skill level 1 in Dodging
   732 | D:1      | Reached XP level 3. HP: 30/30 MP: 3/3
  1525 | D:2      | Reached XP level 4. HP: 12/37 MP: 4/4
  2287 | D:3      | Reached XP level 5. HP: 20/44 MP: 5/5
  2447 | D:3      | Found an ornate altar of the Wu Jian Council.
  2567 | D:3      | HP: 2/45 [orc wizard/puff of frost (6)]
  2569 | D:3      | Killed from afar by an orc wizard

Skill      XL: |  1  2  3  4  5 |
---------------+----------------+-----
Stealth        | 4 |  4.8
Dodging        | 1 2 |  2.8
Short Blades   | 3 |  3.3
Fighting       | 3 |  3.0
Throwing       | |  1.9

Action                   |  1- 3 |  4- 6 || total
-------------------------+-------+-------++-------
Melee: Dagger            |   145 |   117 ||   262
       Tailslap          |     9 |    13 ||    22
  Use: Potion            |     4 |       ||     4
       Scroll            |     5 |       ||     5
 Stab: Sleeping          |     4 |     2 ||     6
  Eat: Chunk             |     2 |     3 ||     5
Armor: Skin              |    72 |    19 ||    91
Dodge: Dodged            |   111 |    52 ||   163
